 Dungeon Crawl Stone Soup version 0.29.1-12-g30fa7ad0bf (webtiles) character file.

Game seed: 13373709475556032621

303 Peloso the Slasher (level 6, -3/53 HPs)
             Began as a Minotaur Fighter on Jan 13, 2023.
             Slain by Ijyb
             ... wielding a +0 dagger
              (5 damage)
             ... on level 4 of the Dungeon.
             The game lasted 00:05:26 (3334 turns).

Peloso the Slasher (Minotaur Fighter)               Turns: 3334, Time: 00:05:27

Health: -3/53      AC:  7    Str: 20    XL:     6   Next: 15%
Magic:  5/5        EV:  9    Int:  5    God:
Gold:   164        SH:  5    Dex: 12    Spells: 5/5 levels left

rFire   . . .      SeeInvis .   a - +0 long sword
rCold   . . .      Faith    .   c - +0 buckler
rNeg    . . .      Spirit   .   b - +0 scale mail
rPois   .          Reflect  .   (helmet restricted)
rElec   .          Harm     .   (no cloak)
rCorr   .          Rampage  .   (no gloves)
Will    .....                   (no boots)
Stlth   ..........              (no amulet)
HPRegen 0.17/turn               (no ring)
MPRegen 0.09/turn               (no ring)

@: no status effects
A: horns 2, retaliatory headbutt
a: no special abilities


You were on level 4 of the Dungeon.
You visited 1 branch of the dungeon, and saw 4 of its levels.

You collected 164 gold pieces.

Inventory:

Hand Weapons
 a - a +0 long sword (weapon)
Armour
 b - a +0 scale mail (worn)
 c - a +0 buckler (worn)
Jewellery
 h - a ring of magical power
Scrolls
 e - 2 scrolls of enchant armour {unknown}
 f - a scroll of immolation
 i - 2 scrolls of noise
 j - a scroll of enchant weapon {unknown}
 l - a scroll of teleportation
 n - a scroll of amnesia
Potions
 d - a potion of might


   Skills:
 + Level 4.6 Fighting
 + Level 5.2 Long Blades
 + Level 5.0 Armour
 + Level 1.0 Dodging
 + Level 0.3 Stealth
 + Level 4.7 Shields


You had 5 spell levels left.
You didn't know any spells.
Your spell library contained the following spells:

 Spells                   Type           Power      Damage    Failure   Level
 Sandblast                Erth           0%         2d4       88%         1
 Passwall                 Tmut/Erth      0%         N/A       96%         2
 Stone Arrow              Conj/Erth      0%         3d7       99%         3


Dungeon Overview and Level Annotations

Branches:
Dungeon (4/15)
 Temple: D:4-7

Altars:

Shops:
D:2 [

Annotations:
D:4 Grinder, Ijyb


Innate Abilities, Weirdness & Mutations

You have a pair of horns on your head.
You reflexively headbutt those who attack you in melee.


Message History

You start resting.
HP restored.
There is a stone staircase leading down here.
You climb downwards.
Level annotation: Grinder, Ijyb, Menkaure The goblin shoots a sling bullet.
The sling bullet barely misses you.
The goblin shoots a sling bullet.
The sling bullet closely misses you.
There is a stone staircase leading up here.
The goblin shoots a sling bullet.
The sling bullet closely misses you.
Ijyb zaps a wand.
You suddenly lose the ability to move!
The goblin shoots a sling bullet.
The sling bullet hits you.
The goblin shoots a sling bullet.
The sling bullet hits you but does no damage.
Menkaure hits you!
The goblin shoots a sling bullet.
The sling bullet hits you but does no damage.
Ijyb hits you but does no damage. Menkaure hits you.
The goblin shoots a sling bullet.
The sling bullet hits you.
You can move again.
Unknown command.
Unknown command.
Okay, then.
You slash Menkaure!
You headbutt Menkaure, but do no damage.
Menkaure is heavily damaged.
Ijyb barely misses you.
The goblin shoots a sling bullet.
You block the sling bullet. Menkaure hits you!!
* * * LOW HITPOINT WARNING * * *
Unknown command.
Unknown command.
You hit Menkaure. You headbutt Menkaure!
You destroy Menkaure!
Ijyb hits you but does no damage.
Ijyb zaps a wand.
You resist with some effort.
Your Long Blades skill increases to level 5!
Your Armour skill increases to level 5!
Your Dodging skill increases to level 1!
You have reached level 6!
You closely miss Ijyb. Your headbutt misses Ijyb.
Ijyb hits you with a +0 dagger.
You die...

###.##
##.....#.
##........
#.........
#.g....>..
#.........
#.g.......
#@......?.
##........
##.....#.
######


You could see Ijyb and a goblin.

Vanquished Creatures
  Menkaure (D:4)
  An orc priest (D:4)
  4 gnolls (D:3)
  6 adders
  An ufetubus (D:3)
  2 worms
  A dart slug (D:1)
  2 orcs (D:3)
  7 endoplasms
  2 giant cockroaches
  2 hobgoblins
  8 jackals
  2 ball pythons
  6 bats
  A frilled lizard (D:1)
  2 goblins
  4 kobolds
  3 rats
55 creatures vanquished.

Notes
Turn   | Place    | Note
-------+----------+-------------------------------------------
     0 | D:1      | Peloso the Minotaur Fighter began the quest for the Orb.
     0 | D:1      | Reached XP level 1. HP: 19/19 MP: 0/0
   304 | D:1      | Found a faded altar of an unknown god.
   539 | D:1      | Reached XP level 2. HP: 25/27 MP: 1/1
  1197 | D:2      | Reached XP level 3. HP: 32/33 MP: 2/2
  1203 | D:2      | Found Somahum's Antique Armour Emporium.
  1726 | D:2      | Reached XP level 4. HP: 35/40 MP: 3/3
  2809 | D:4      | Noticed Grinder
  2814 | D:4      | Reached XP level 5. HP: 44/47 MP: 4/4
  3217 | D:4      | Noticed Menkaure
  3222 | D:4      | Noticed Ijyb
  3328 | D:4      | Paralysed by Ijyb for 4 turns
  3332 | D:4      | HP: 1/47 [Menkaure (20)]
  3333 | D:4      | Killed Menkaure
  3334 | D:4      | Reached skill level 5 in Long Blades
  3334 | D:4      | Reached skill level 5 in Armour
  3334 | D:4      | Reached skill level 1 in Dodging
  3334 | D:4      | Reached XP level 6. HP: 1/53 MP: 5/5
  3334 | D:4      | Slain by Ijyb

Illustrated notes

Levels and vault maps discovered:
D:1:      minmay_arrival_hallway, layout_loops_corners,
          shapermc_ecumenical_altar_totnotflames
D:2:      layout_basic, serial_shops, nicolae_diamond_shop,
          minmay_misc_feat_four_crosses, st_stairs_10
D:3:      layout_basic
D:4:      layout_rooms, uniq_grinder, uniq_ijyb, uniq_menkaure, uniq_edmund

Skill      XL: |  1  2  3  4  5 |
---------------+----------------+-----
Armour         | 4 5 |  5.0
Shields        | 4 |  4.7
Fighting       | 4 |  4.6
Long Blades    | 3 4 5 |  5.2
Dodging        | 1 |  1.0
Stealth        | |  0.3

Action                   |  1- 3 |  4- 6 || total
-------------------------+-------+-------++-------
Melee: Long sword        |    78 |    58 ||   136
       Headbutt          |    12 |     8 ||    20
  Use: Scroll            |       |     6 ||     6
Armor: Scale mail        |    55 |    43 ||    98
Dodge: Dodged            |    33 |    38 ||    71
Block: Buckler           |    17 |    15 ||    32
